 Dungeon Crawl Stone Soup version 0.29.1-1-gd02db6906a (webtiles) character file.

Game seed: 773353609567026771

28 tower07 the Chiller (level 3, -1/24 HPs)
             Began as a Merfolk Ice Elementalist on Sept 22, 2022.
             Succumbed to a kobold's poison
             ... on level 1 of the Dungeon.
             The game lasted 00:06:26 (1407 turns).

tower07 the Chiller (Merfolk Ice Elementalist)      Turns: 1407, Time: 00:06:27

Health: -1/24      AC:  2    Str:  8    XL:     3   Next: 12%
Magic:  4/6        EV: 13    Int: 16    God:
Gold:   47         SH:  0    Dex: 14    Spells: 5/6 levels left

rFire   . . .      SeeInvis .   (no weapon)
rCold   . . .      Faith    .   (no shield)
rNeg    . . .      Spirit   .   a - +0 robe
rPois   .          Reflect  .   (no helmet)
rElec   .          Harm     .   (no cloak)
rCorr   .          Rampage  .   (no gloves)
Will    .....                   (no boots)
Stlth   ++........              (no amulet)
HPRegen 0.08/turn               (no ring)
MPRegen 0.10/turn               (no ring)

@: lethally poisoned (-1 -> -12)
A: (nimble swimmer 2), mertail
a: no special abilities


You were on level 1 of the Dungeon.
You visited 1 branch of the dungeon, and saw 1 of its levels.

You collected 47 gold pieces.

Inventory:

Missiles
 c - a throwing net (quivered)
Armour
 a - a +0 robe (worn)
Scrolls
 e - a scroll of identify
Potions
 b - a potion of magic
 d - a potion of curing


   Skills:
 + Level 3.0 Dodging
 + Level 2.5 Stealth
 + Level 0.4 Unarmed Combat
 + Level 2.4 Spellcasting
 + Level 4.7 Ice Magic


You had 5 spell levels left.
You knew the following spells:

 Your Spells              Type           Power      Damage    Failure   Level
a - Freeze                Ice            68%        1d8       2%          1

Your spell library contained the following spells:

 Spells                   Type           Power      Damage    Failure   Level
 Frozen Ramparts          Ice            34%        1d6       9%          3
 Ozocubu's Armour         Ice            17%        N/A       9%          3
 Hailstorm                Conj/Ice       9%         3d4       58%         4


Dungeon Overview and Level Annotations

Branches:
Dungeon (1/15)

Altars:


Innate Abilities, Weirdness & Mutations

((You are very nimble when in or above water. (Stealth+, EV+, Speed+++)))
Your lower body shifts to a powerful aquatic tail in water.


Message History

You hit the kobold.
The kobold is severely wounded.
You feel sick. The kobold barely misses you.
You barely miss the kobold.
The kobold is heavily wounded.
You feel sick.
The kobold hits you with a +0 dagger of venom.
You are more poisoned.
You closely miss the kobold.
The kobold is heavily wounded.
You feel very sick.
The kobold hits you with a +0 dagger of venom.
You hit the kobold but do no damage.
The kobold is heavily wounded.
You feel sick.
The kobold hits you with a +0 dagger of venom.
You are more poisoned.
You barely miss the kobold.
The kobold is heavily wounded.
* * * LOW HITPOINT WARNING * * *
You feel very sick. The kobold closely misses you.
Casting: Freeze (safe; 2% risk of failure)
Confirm with . or Enter, or press ? or * to list all spells.
Aiming: Freeze (safe; 2% risk of failure)
Press: ? - help, Shift-Dir - straight line, f - kobold
Aim: a kobold, wielding a +0 dagger of venom (heavily wounded)
You freeze the kobold!
You kill the kobold!
* * * LOW HITPOINT WARNING * * *
You feel sick. The bat barely misses you. The bat closely misses you.
Unknown command.
Casting: Freeze (safe; 2% risk of failure)
Confirm with . or Enter, or press ? or * to list all spells.
Aiming: Freeze (safe; 2% risk of failure)
Press: ? - help, Shift-Dir - straight line, f - bat
Aim: a bat (severely wounded)
You freeze the bat.
You kill the bat!
You die...

###### #.# #.#.#.
##....###.# #P#...
#..##.....######.#.#.
#.#..####.....####...
#)...# #.##### #.#.
####.####.# #...
#.#.##.# # ## #.#.##.#
######## #@#.##.#
#....... #)####.#
#....... .l# #.#
#.)..... ....# #.#
#....... #...#
#.####....... #...#
#......).....
.#...####............
..#...................
#..........##...)...


You could see a frilled lizard.

Vanquished Creatures
  3 dart slugs (D:1)
  2 endoplasms (D:1)
  A giant cockroach (D:1)
  3 goblins (D:1)
  A kobold (D:1)
  2 quokkas (D:1)
  2 ball pythons (D:1)
  3 bats (D:1)
  A frilled lizard (D:1)
  4 rats (D:1)
22 creatures vanquished.

Notes
Turn   | Place    | Note
-------+----------+-------------------------------------------
     0 | D:1      | tower07 the Merfolk Ice Elementalist began the quest for
                  | the Orb.
     0 | D:1      | Reached XP level 1. HP: 13/13 MP: 3/3
   437 | D:1      | Reached XP level 2. HP: 16/19 MP: 5/5
  1062 | D:1      | Reached XP level 3. HP: 7/24 MP: 0/6
  1407 | D:1      | Succumbed to a kobold's poison

Illustrated notes

Levels and vault maps discovered:
D:1:      dpeg_arrival_long_road, layout_basic, serial_aquarium,
          aquarium_bridge_square [aquarium_subvault_wall,
          aquarium_subvault_window, aquarium_subvault_bridge,
          aquarium_subvault_wall], aquarium_bridge_long_joined
          [aquarium_subvault_bridge, aquarium_subvault_bridge,
          aquarium_subvault_wall, aquarium_subvault_window,
          aquarium_subvault_balcony, aquarium_subvault_bridge],
          aquarium_window_1, aquarium_window_1, aquarium_view_2g,
          aquarium_view_2d, aquarium_pool_1

Skill      XL: |  1  2 |
---------------+-------+-----
Dodging        | 3 |  3.0
Stealth        | |  2.5
Unarmed Combat | |  0.4
Spellcasting   | |  2.4
Ice Magic      | |  4.7

Action                   || total
-------------------------++-------
Melee: Unarmed           ||    54
       Punch             ||     2
 Cast: Freeze            ||    27
  Use: Potion            ||     3
       Scroll            ||     2
 Stab: Sleeping          ||     2
Armor: Robe              ||    23
Dodge: Dodged            ||    76
